[Event "Belt and Road Women 2024"]
[Site "Yuecheng Shaoxing"]
[Date "2024.07.27"]
[Round "4.2"]
[White "Beydullayeva, Govhar"]
[Black "Velpula Sarayu"]
[Result "1/2-1/2"]
[ECO "E71"]
[WhiteElo "2417"]
[BlackElo "2384"]
[Annotator "RC"]
[PlyCount "171"]
[EventDate "2024.08.01"]
[EventType "swiss"]
[EventCountry "CHN"]
[SourceTitle "playchess.com"]
[Source "ChessBase"]
[SourceQuality "1"]
[TimeControl "5400+30"]

1. d4 Nf6 2. c4 g6 3. Nc3 Bg7 4. e4 d6 5. h3 O-O 6. Be3 e5 7. d5 Na6 8. g4 Nc5 9. f3 a5 10. Qd2 c6 11. Nge2 a4 12. h4 cxd5 13. cxd5 h5 14. g5 Ne8 15. Nb5 Nc7 16. Nec3 Nxb5 17. Nxb5 b6 18. O-O-O Ba6 19. Na3 Bxf1 20. Rhxf1 Qd7 21. Kb1 b5 22. Nc2 Nb7 23. Nb4 Na5 24. Rc1 Rfc8 25. Rxc8+ Rxc8 26. Rh1 Bf8 27. Qf2 Rc4 28. Bd2 Be7 29. Nc2 Bd8 30. Qe1 Nb7 31. Na3 Rc8 32. Qe2 Ba5 33. Bxa5 Nxa5 34. Qxb5 Qxb5 35. Nxb5 Nc4 36. Rh2 Rb8 37. Nc3 Rb4 38. Re2 f6 39. gxf6 Kf7 40. Nd1 Kxf6 41. Kc2 Rb8 42. Kd3 Na5 43. Ne3 Rb4 44. Kc3 Rb8 45. Kd3 Rb4 46. Rg2 Rb8 47. Nc4 Nb7 48. Ke3 Rc8 49. Kd3 Rb8 50. Rg1 Rg8 51. b4 axb3 52. axb3 Ra8 53. b4 Ra2 54. Nd2 Ra3+ 55. Ke2 Ra2 56. Kd3 Ra3+ 57. Kc2 Ra2+ 58. Kc3 Ra3+ 59. Kb2 Re3 60. Ra1 Nd8 61. Ra7 g5 62. hxg5+ Kg6 63. Rd7 Nf7 64. b5 Rd3 65. Kc2 Ra3 66. b6 Ra8 67. Ra7 Rb8 68. Nc4 h4 69. Kd3 h3 70. Ke3 Nxg5 71. Ra2 Rf8 72. b7 Rxf3+ 73. Ke2 Rb3 74. Rb2 Rxb2+ 75. Nxb2 h2 76. b8=Q h1=Q 77. Qxd6+ Kh5 78. Qxe5 Qxe4+ 79. Qxe4 Nxe4 80. Kd3 Nf6 81. d6 Kg6 82. Kd4 Kf7 83. Nc4 Ke6 84. Kc5 Ne4+ 85. Kc6 Nxd6 86. Nxd6 1/2-1/2

[Event "Belt and Road Women 2024"]
[Site "Yuecheng Shaoxing"]
[Date "2024.07.27"]
[Round "4.3"]
[White "Mammadzada, Gunay"]
[Black "Wagner, Dinara"]
[Result "1/2-1/2"]
[ECO "A07"]
[WhiteElo "2444"]
[BlackElo "2454"]
[Annotator "RC"]
[PlyCount "78"]
[EventDate "2024.08.01"]
[EventType "swiss"]
[EventCountry "CHN"]
[SourceTitle "playchess.com"]
[Source "ChessBase"]
[SourceQuality "1"]
[TimeControl "5400+30"]

1. Nf3 d5 2. g3 Bg4 3. Bg2 c6 4. O-O Nf6 5. h3 Bh5 6. c4 e6 7. Qb3 Qb6 8. cxd5 Qxb3 9. axb3 Bxf3 10. Bxf3 cxd5 11. d3 Nc6 12. Be3 Be7 13. Na3 O-O 14. Nc2 Rfc8 15. Rfc1 a6 16. Bd2 Nd7 17. d4 Nf6 18. e3 Ne4 19. Bxe4 dxe4 20. Na3 Bxa3 21. bxa3 Na7 22. Rc4 Rc6 23. f3 exf3 24. Kf2 Rd8 25. Kxf3 f5 26. Ba5 Rd5 27. Bc7 Rb5 28. Rxc6 Nxc6 29. b4 e5 30. Bxe5 Nxe5+ 31. dxe5 Rxe5 32. Rc1 Re7 33. Rc5 g6 34. g4 fxg4+ 35. hxg4 h6 36. e4 Kf7 37. b5 b6 38. Rd5 axb5 39. Rxb5 Ra7 1/2-1/2

[Event "Belt and Road Women 2024"]
[Site "Yuecheng Shaoxing"]
[Date "2024.07.27"]
[Round "4.4"]
[White "Garifullina, Leya"]
[Black "Badelka, Olga"]
[Result "0-1"]
[ECO "D94"]
[WhiteElo "2458"]
[BlackElo "2389"]
[Annotator "TA"]
[PlyCount "84"]
[EventDate "2024.08.01"]
[EventType "swiss"]
[EventCountry "CHN"]
[SourceTitle "playchess.com"]
[Source "ChessBase"]
[SourceQuality "1"]
[TimeControl "5400+30"]

1. d4 d5 2. c4 c6 3. Nf3 Nf6 4. e3 g6 5. Nc3 Bg7 6. Be2 O-O 7. O-O Ne4 8. Qb3 dxc4 9. Bxc4 Nd6 10. Be2 Bf5 {[%emt 0:00:19] The position is equal.} 11. Rd1 Nd7 12. Bd2 c5 (12... Qb6 $11) 13. Be1 Rc8 14. Rac1 c4 15. Qa3 b5 16. Nd5 Be4 {[%emt 0:00:51] [#]} 17. Ba5 $1 Nb6 18. Nc3 Bb7 19. Qb4 Qe8 20. Bxb6 axb6 21. b3 Qd7 22. Ne5 {[%emt 0:03:08] A dynamic duo of knights.} (22. Rb1 {simplifies} cxb3 23. Qxb3 Rfd8 24. Nxb5 Nxb5 25. Qxb5 Qxb5 26. Bxb5 Bxf3 27. gxf3 Rc2 28. Bd3) 22... Qe6 23. f4 (23. Nxb5 $14 Bxe5 24. dxe5 Nxb5 25. Qxb5 (25. Bxc4 Rxc4 26. Rxc4 Qxe5 $15) 25... cxb3 26. axb3) 23... Nf5 $11 24. e4 (24. Bg4 $11) 24... Ne3 $1 $15 25. Re1 Qd6 26. Qxb5 cxb3 27. Qd3 Nc2 {[%emt 0:02:21] Black is much more active.} (27... b2 $2 28. Rb1 Qb4 29. Qxe3 $19) (27... b2 {with more complications.} 28. Rb1 Qb4 29. Qxe3 Rxc3 30. Qd2 Rd8) 28. Red1 Bxe5 (28... Qb4 {keeps more tension.} 29. Nb5 b2 30. Rb1 Ba6) 29. fxe5 Qb4 30. Nb5 {[%emt 0:01:34] [#]} bxa2 31. Rxc2 {[%emt 0:01:31] [#]} Bxe4 $1 32. Qxe4 Qb1 33. Na3 {[%emt 0:00:05] [#]} Qxd1+ 34. Bxd1 a1=Q 35. Qd3 Ra8 {[%emt 0:00:41][%mdl 1024] Black has compensation.} (35... b5 $5 36. Kf2 (36. Nxb5 Rxc2 37. Qxc2 Rb8 $19) 36... b4 $15) 36. Rc3 Rfc8 $36 {[%emt 0:00:37][%mdl 2048] White is under pressure.} 37. Rb3 (37. Rxc8+ $1 $11 {and White is okay.} Rxc8 38. Nc2) 37... Rc1 $19 38. Nb1 Ra4 39. Kf2 Rxd4 (39... Qxd4+ 40. Qxd4 Rxd4 41. Bf3 $11) 40. Qe3 Rdxd1 41. Nd2 Rc2 42. Rd3 Qb2 {[%emt 0:00:11] Weighted Error Value: White=0.62/Black=0.07 (flawless) .  Loses game:     	White=1     	---        Mistake:       	White=2     	Black=1      Inaccurate:     	White=3     	Black=2      OK:         	White=12    	Black=16     Best:        	White=1     	Black=3      Strong:       	White=1     	Black=1      Brilliant:      	---       	Black=1} (42... Qc1 $142 43. Rd8+ Kg7 44. Kg3 Rdxd2 (44... Rcxd2 $2 45. Rxd2 Qxd2 46. Qxd2 $19) 45. Rxd2 Qxd2 46. Qxd2 Rxd2 47. Kf3 b5 48. e6 b4 (48... fxe6 {leads to mate.} 49. h3 b4 50. h4 b3 51. Ke3 Rd6 52. g3 b2 53. h5 b1=Q 54. h6+ Kxh6 55. Kf2 Rd2+ 56. Ke3 Qd3+ 57. Kf4 g5+ 58. Kg4 Qf5#) 49. exf7 b3 (49... Kxf7 {is a self mate.} 50. h3 b3 51. h4 b2 52. Ke3 Rc2 53. Kf4 b1=Q 54. g4 Qb4+ 55. Kg3 Qe1+ 56. Kf4 Rf2+ 57. Kg5 Qe3#) 50. h4 b2 (50... Kxf7 51. Ke3 Rxg2 52. Kf4 b2 53. Kf3 Rc2 54. Kg4 b1=Q 55. h5 Rc4+ 56. Kf3 Qb3+ 57. Kg2 Rc2+ 58. Kh1 Qb1#) 51. Ke3 Rd6 (51... b1=N $2 52. Kf4 $19) (51... b1=Q 52. Kxd2 Qb2+ 53. Kd3 Qxg2 54. Kd4 Qd2+ 55. Ke4 Qc3 56. f8=R Kxf8 57. h5 gxh5 58. Kf5 Kf7 59. Ke4 Ke6 60. Kf4 Qd3 61. Kg5 Qf5+ 62. Kh6 Qg6#) 52. Kf3 b1=Q (52... b1=B $2 53. Ke2 $19) 53. Kg3 Qe1+ (53... Kxf7 54. Kh3 Qe1 55. Kg4 Rd3 56. Kf4 Qg3+ 57. Ke4 Qe3#) 54. Kg4 Rd4+ (54... Kxf7 {gets mated.} 55. h5 Rd4+ 56. Kf3 Rd3+ 57. Kf4 Qg3+ 58. Ke4 Qe3#) 55. Kf3 Rd3+ (55... Qxh4 56. f8=R Qe4+ 57. Kg3 Kxf8 58. Kf2 Qf4+ 59. Ke2 Rd2+ 60. Ke1 Qf2#) 56. Kf4 Qg3+ 57. Ke4 Qe3#) 0-1

[Event "Belt and Road Women 2024"]
[Site "Yuecheng Shaoxing"]
[Date "2024.07.27"]
[Round "4.5"]
[White "Ni, Shiqun"]
[Black "Lu, Miaoyi"]
[Result "0-1"]
[ECO "C54"]
[WhiteElo "2352"]
[BlackElo "2449"]
[Annotator "RC"]
[PlyCount "122"]
[EventDate "2024.08.01"]
[EventType "swiss"]
[EventCountry "CHN"]
[SourceTitle "playchess.com"]
[Source "ChessBase"]
[SourceQuality "1"]
[TimeControl "5400+30"]

1. e4 e5 2. Nf3 Nc6 3. Bc4 Nf6 4. d3 Bc5 5. O-O O-O 6. c3 d6 7. h3 a5 8. Re1 Ba7 9. d4 Re8 10. Qb3 Qe7 11. dxe5 Nxe5 12. Nxe5 dxe5 13. a4 Nh5 14. Be3 Nf4 15. Bxa7 Rxa7 16. Re3 Be6 17. Bxe6 Qxe6 18. Qxe6 Rxe6 19. Na3 Rg6 20. g3 Nxh3+ 21. Kg2 Nf4+ 22. Kf3 Ne6 23. Rd3 Kf8 24. Nc4 f6 25. Rad1 h5 26. Ne3 Ke8 27. Nf5 Ra8 28. Ke3 Nc5 29. Rd5 Nxa4 30. Rd7 Nxb2 31. Re7+ Kf8 32. Rb1 Nc4+ 33. Kd3 b5 34. Rxc7 Rb8 35. Ke2 Na3 36. Rd1 b4 37. cxb4 Nb5 38. Rc4 a4 39. Ra1 a3 40. Rc5 Rg4 41. Kd3 Rd8+ 42. Ke3 Nd4 43. Rxa3 Nxf5+ 44. exf5 Rxb4 45. Rc7 Rg4 46. Raa7 Kg8 47. Kf3 Kh7 48. Kg2 Rg5 49. Kh3 Rd3 50. Kg2 Rd4 51. Kh3 Rdg4 52. Rc3 Rxf5 53. f3 Rg6 54. Ra4 Rfg5 55. g4 hxg4+ 56. fxg4 Rh6+ 57. Kg3 f5 58. Rc5 Rhg6 59. Kf3 Rxg4 60. Rxg4 Rxg4 61. Rxe5 Kg6 0-1

[Event "Belt and Road Women 2024"]
[Site "Yuecheng Shaoxing"]
[Date "2024.07.27"]
[Round "4.6"]
[White "Yan, Tianqi"]
[Black "Stefanova, Antoaneta"]
[Result "0-1"]
[ECO "C72"]
[WhiteElo "2306"]
[BlackElo "2417"]
[Annotator "RC"]
[PlyCount "66"]
[EventDate "2024.08.01"]
[EventType "swiss"]
[EventCountry "CHN"]
[SourceTitle "playchess.com"]
[Source "ChessBase"]
[SourceQuality "1"]
[TimeControl "5400+30"]

1. e4 e5 2. Nf3 Nc6 3. Bb5 a6 4. Ba4 d6 5. O-O Bd7 6. c4 g5 7. d4 g4 8. d5 gxf3 9. dxc6 bxc6 10. Qxf3 Qh4 11. Nc3 Nf6 12. Qg3 Qxg3 13. hxg3 Rg8 14. Rd1 h5 15. b4 Rg4 16. Re1 Be7 17. Rb1 Kf8 18. b5 axb5 19. cxb5 Nxe4 20. Nxe4 Rxa4 21. f3 Rg6 22. bxc6 Bxc6 23. Rb8+ Kg7 24. Rc8 d5 25. Nc3 Rc4 26. Bd2 Bd6 27. a4 Rxg3 28. a5 Bb4 29. Nb1 Bc5+ 30. Be3 Bxe3+ 31. Rxe3 Rc2 32. Rxc7 Rgxg2+ 33. Kh1 Rh2+ 0-1

[Event "Belt and Road Women 2024"]
[Site "Yuecheng Shaoxing"]
[Date "2024.07.27"]
[Round "4.7"]
[White "Shuvalova, Polina"]
[Black "Soumya, Swaminathan"]
[Result "1-0"]
[ECO "B66"]
[WhiteElo "2467"]
[BlackElo "2258"]
[Annotator "TA"]
[PlyCount "81"]
[EventDate "2024.08.01"]
[EventType "swiss"]
[EventCountry "CHN"]
[SourceTitle "playchess.com"]
[Source "ChessBase"]
[SourceQuality "1"]
[TimeControl "5400+30"]

1. e4 c5 2. Nf3 Nc6 3. d4 cxd4 4. Nxd4 Nf6 5. Nc3 d6 6. Bg5 e6 7. Qd2 a6 8. Nxc6 bxc6 9. O-O-O Be7 10. Bxf6 {[%emt 0:00:25] White is slightly better.} gxf6 11. Bc4 Bb7 {[%emt 0:00:49] Black is weak on the light squares} 12. Bb3 Qa5 13. Rhe1 f5 (13... O-O-O $11) 14. Qd4 O-O (14... O-O-O $1 $14) 15. Rd3 $16 {[%emt 0:26:57] [#] White wants to mate with Rg3+. White is more active.} e5 16. Qe3 (16. exf5 $2 exd4 17. Rxe7 dxc3 $19) 16... f4 17. Qh3 {[%emt 0:04:05] Qh5 would now be deadly.} Bc8 $2 {[%emt 0:00:40] This move loses the game for Black.} (17... Qb6 $16) 18. Qh5 $18 {[%emt 0:12:52] Black must now prevent g4.} Kg7 $2 (18... Qc5 19. Rf1 Kg7) 19. g4 {[%emt 0:05:57] [#] And now Rh3 would win.} h6 (19... f3 $142 20. Rxf3 Qd8) 20. h4 $2 (20. Rxd6 f6 21. Rd3 (21. Rxc6 Bd7 $18)) 20... Be6 21. g5 hxg5 {[%emt 0:00:43] Strongly threatening ...Rh8.} 22. Bxe6 $40 {[%emt 0:00:09][%mdl 128] White has strong attack.} (22. hxg5 Rh8 23. Qd1 Bxb3 24. axb3 Qc7 $16 (24... Bxg5 $2 25. Rg1 $18) (24... Qa1+ 25. Nb1 $11)) 22... fxe6 23. hxg5 Rh8 {[%emt 0:00:37] Against Qh6+} 24. Qg4 Qd8 25. Qxe6 {[%emt 0:03:45] Hoping for Rh3.} Qf8 26. Qd7 Rc8 27. Rg1 (27. Rxd6 $2 Rd8 $19) 27... Qf7 28. g6 Qf6 29. a3 Rhd8 30. Qb7 Qe6 {[%emt 0:04:30] Prevents Rh3.} (30... Rh8 $142 31. Rh3 (31. Qxa6 Qf8 $18) 31... Rxh3) 31. Kb1 Rh8 {[%emt 0:02:10] Dodges Rh3} 32. Qxa6 Rh2 33. f3 Qd7 34. Qc4 Rf8 {[%emt 0:00:12] Wards off Qf7+} 35. Na2 {[%emt 0:03:31][%cal Bc3a2,Ba2b4,Bb4c6][%mdl 32] White is clearly winning.} Rf6 (35... Rh3 $142 36. Nb4 Bf6) 36. Nb4 Rxg6 37. Rxg6+ (37. Qxc6 $2 {is the wrong capture.} Rxg1+ 38. Ka2 Qxc6 39. Nxc6 Kf7 $19) 37... Kxg6 38. Nxc6 Rh1+ 39. Ka2 {[%emt 0:00:03] White threatens Nxe5+ and mate.} Bf6 40. Qg8+ Kh5 41. Nb4 {[%emt 0:00:31] Weighted Error Value: White=0.26 (precise) /Black=0.60.  Loses game:     	---       	Black=1      Mistake:       	White=1     	Black=6      Inaccurate:     	White=1     	Black=1      OK:         	White=13    	Black=6      Best:        	White=2     	Black=1} 1-0

[Event "Belt and Road Women 2024"]
[Site "Yuecheng Shaoxing"]
[Date "2024.07.27"]
[Round "4.8"]
[White "Pham, Le Thao Nguyen"]
[Black "Wang, Qinxuanyi"]
[Result "1-0"]
[ECO "D23"]
[WhiteElo "2395"]
[BlackElo "2149"]
[Annotator "RC"]
[PlyCount "79"]
[EventDate "2024.08.01"]
[EventType "swiss"]
[EventCountry "CHN"]
[SourceTitle "playchess.com"]
[Source "ChessBase"]
[SourceQuality "1"]
[TimeControl "5400+30"]

1. d4 d5 2. c4 c6 3. Nf3 Nf6 4. Qc2 dxc4 5. Qxc4 Bg4 6. Nbd2 Nbd7 7. h3 Bf5 8. g3 e6 9. Bg2 Be7 10. Qb3 Qb6 11. O-O h6 12. Nc4 Qxb3 13. axb3 Be4 14. Bf4 O-O 15. Rfc1 b6 16. Bd6 Bxd6 17. Nxd6 Bd5 18. b4 Rfd8 19. Ne5 Nxe5 20. dxe5 Bxg2 21. Kxg2 Nd7 22. f4 c5 23. b5 f6 24. Nc4 fxe5 25. fxe5 Nf8 26. b3 Ng6 27. Rd1 Rd5 28. Rxd5 exd5 29. Nxb6 Rb8 30. Nxd5 Rxb5 31. e6 Rxb3 32. Rxa7 Rb8 33. Rc7 Nf8 34. Rc6 Re8 35. Nc7 Re7 36. Kf3 c4 37. Ke4 c3 38. Kd5 Ng6 39. Rxc3 h5 40. Kd6 1-0

[Event "Belt and Road Women 2024"]
[Site "Yuecheng Shaoxing"]
[Date "2024.07.27"]
[Round "4.9"]
[White "Guo, Qi"]
[Black "Velikic, Adela"]
[Result "1-0"]
[ECO "D45"]
[WhiteElo "2362"]
[BlackElo "2290"]
[Annotator "RC"]
[PlyCount "73"]
[EventDate "2024.08.01"]
[EventType "swiss"]
[EventCountry "CHN"]
[SourceTitle "playchess.com"]
[Source "ChessBase"]
[SourceQuality "1"]
[TimeControl "5400+30"]

1. d4 d5 2. c4 c6 3. Nf3 Nf6 4. Nc3 e6 5. e3 Nbd7 6. Be2 Bd6 7. O-O O-O 8. b3 b6 9. Bb2 Bb7 10. a4 Re8 11. a5 bxa5 12. c5 Bc7 13. Qc2 Nb8 14. Ne5 Nfd7 15. f4 f6 16. Nxd7 Qxd7 17. e4 Na6 18. e5 Nb4 19. Qd2 Ba6 20. exf6 Bxe2 21. Nxe2 gxf6 22. Bc3 Rab8 23. Ra4 Rf8 24. Rf3 Kh8 25. Ra1 Qf7 26. f5 Qh5 27. Ng3 Bxg3 28. hxg3 exf5 29. Rxa5 Rfe8 30. Bxb4 Re4 31. Rxa7 Rbe8 32. Ra1 f4 33. Rxf4 Re2 34. Qd3 R8e3 35. Qf5 Rxg2+ 36. Kxg2 Re2+ 37. Kf1 1-0

[Event "Belt and Road Women 2024"]
[Site "Yuecheng Shaoxing"]
[Date "2024.07.27"]
[Round "4.10"]
[White "Kairbekova, Amina"]
[Black "Zhai, Mo"]
[Result "0-1"]
[ECO "C67"]
[WhiteElo "2244"]
[BlackElo "2348"]
[Annotator "RC"]
[PlyCount "122"]
[EventDate "2024.08.01"]
[EventType "swiss"]
[EventCountry "CHN"]
[SourceTitle "playchess.com"]
[Source "ChessBase"]
[SourceQuality "1"]
[TimeControl "5400+30"]

1. e4 e5 2. Nf3 Nc6 3. Bb5 Nf6 4. O-O Nxe4 5. Re1 Nd6 6. Nxe5 Be7 7. Bf1 Nxe5 8. Rxe5 O-O 9. d4 Ne8 10. d5 Bc5 11. Re1 d6 12. Nc3 Bf5 13. Bd3 Qf6 14. Ne4 Bxe4 15. Rxe4 Qxf2+ 16. Kh1 Qf6 17. c3 g6 18. a4 a6 19. b4 Ba7 20. Bb2 Qf2 21. Re2 Qf4 22. Re4 Qf2 23. Bc1 Qf6 24. Bh6 Ng7 25. Qd2 Rfe8 26. Rae1 Qf2 27. Qxf2 Bxf2 28. R1e2 Rxe4 29. Rxe4 Re8 30. Bd2 f5 31. Rxe8+ Nxe8 32. g3 Nf6 33. Kg2 Ba7 34. c4 Bd4 35. h3 Kf7 36. Kf3 Nd7 37. Ke2 Ne5 38. Bg5 Nxd3 39. Kxd3 Bf6 40. Bd2 h5 41. Ke2 g5 42. Bc1 Kg6 43. Be3 Be5 44. Kf2 b6 45. Bd2 Bd4+ 46. Ke2 Be5 47. Kf2 g4 48. h4 f4 49. gxf4 Bd4+ 50. Kg3 Kf5 51. b5 a5 52. Bc1 Ke4 53. Kg2 Bf6 54. Kg3 Kd3 55. f5 Ke4 56. Bd2 Kxf5 57. Bh6 Ke4 58. Bc1 Be5+ 59. Kg2 Kd4 60. Bg5 Kxc4 61. Bd8 Kb4 0-1

[Event "Belt and Road Women 2024"]
[Site "Yuecheng Shaoxing"]
[Date "2024.07.27"]
[Round "4.11"]
[White "Yang, Yijing"]
[Black "Xiao, Yiyi"]
[Result "0-1"]
[ECO "D37"]
[WhiteElo "2022"]
[BlackElo "2338"]
[Annotator "RC"]
[PlyCount "54"]
[EventDate "2024.08.01"]
[EventType "swiss"]
[EventCountry "CHN"]
[SourceTitle "playchess.com"]
[Source "ChessBase"]
[SourceQuality "1"]
[TimeControl "5400+30"]

1. Nf3 d5 2. d4 Nf6 3. c4 e6 4. Nc3 Be7 5. Bf4 O-O 6. e3 Nbd7 7. c5 Ne4 8. Qc2 g5 9. Bg3 f5 10. Nxe4 dxe4 11. Nd2 f4 12. Nxe4 fxg3 13. hxg3 Rf7 14. Bc4 Nf8 15. O-O-O c6 16. f4 b5 17. Bd3 Rg7 18. Rh5 Bd7 19. Rdh1 Be8 20. Rh6 Bg6 21. Nf2 Qd5 22. Bxg6 Nxg6 23. Ng4 Qf5 24. Qe2 gxf4 25. R6h5 Qe4 26. Ne5 fxe3 27. Rh6 Nxe5 0-1

[Event "Belt and Road Women 2024"]
[Site "Yuecheng Shaoxing"]
[Date "2024.07.27"]
[Round "4.12"]
[White "Chen, Yining"]
[Black "Ha, Yihan"]
[Result "1-0"]
[ECO "D37"]
[WhiteElo "2300"]
[BlackElo "2166"]
[Annotator "RC"]
[PlyCount "205"]
[EventDate "2024.08.01"]
[EventType "swiss"]
[EventCountry "CHN"]
[SourceTitle "playchess.com"]
[Source "ChessBase"]
[SourceQuality "1"]
[TimeControl "5400+30"]

1. d4 Nf6 2. c4 e6 3. Nf3 d5 4. Nc3 Be7 5. Bf4 O-O 6. e3 Nbd7 7. c5 Nh5 8. Bd3 Nxf4 9. exf4 b6 10. b4 a5 11. a3 c6 12. O-O Ba6 13. Bxa6 Rxa6 14. Qe2 Qa8 15. Rab1 axb4 16. axb4 bxc5 17. bxc5 Ra3 18. Rfc1 Bf6 19. Qd2 g6 20. Ne5 Bxe5 21. fxe5 Kg7 22. h4 Rb8 23. h5 h6 24. hxg6 fxg6 25. Rxb8 Qxb8 26. Rb1 Rb3 27. Rxb3 Qxb3 28. Ne2 Nf8 29. Kh2 Qc4 30. Qe3 Qc2 31. g4 Qd1 32. Kg2 Nd7 33. Qf3 g5 34. Kh3 Kg8 35. Kh2 Nf8 36. Kg3 Nd7 37. Qe3 Qh1 38. f4 Qh4+ 39. Kf3 Qh1+ 40. Kf2 Qh2+ 41. Ke1 Qh4+ 42. Qg3 Qh1+ 43. Kd2 Qb1 44. Qd3 Qb2+ 45. Qc2 Qb4+ 46. Qc3 Qb1 47. Qd3 Qb2+ 48. Ke3 gxf4+ 49. Kxf4 Nf8 50. Kg3 Qa1 51. Qe3 Qe1+ 52. Qf2 Qxf2+ 53. Kxf2 Kf7 54. Nf4 Ng6 55. Nd3 Ne7 56. Nf4 Ng6 57. Nh5 Ne7 58. Kg3 Kg6 59. Nf4+ Kf7 60. Kh3 Ng8 61. Kh4 Ne7 62. Kh5 Ng8 63. Nd3 Kg7 64. Nf4 Kf7 65. Ng6 Kg7 66. Nf4 Kf7 67. Ng2 Kg7 68. Ne3 Ne7 69. Nc2 Kh7 70. Nb4 Kg7 71. Na6 Ng8 72. Nc7 Kf7 73. Na8 Kg7 74. Nb6 Ne7 75. Kh4 Ng6+ 76. Kg3 Ne7 77. Nd7 Ng6 78. Nf6 Kf7 79. g5 hxg5 80. Nh7 Nf8 81. Nxg5+ Ke7 82. Nh3 Nd7 83. Nf2 Kf7 84. Nd3 Kg6 85. Kg4 Kh6 86. Nf4 Nf8 87. Nd3 Ng6 88. Nb4 Ne7 89. Kf4 Kg6 90. Ke3 Kg5 91. Na6 Kf5 92. Nc7 Ng6 93. Ne8 Nf8 94. Nd6+ Kg5 95. Nf7+ Kf5 96. Nd8 Kg6 97. Nxc6 Kf7 98. Kf4 Ke8 99. Kg5 Kd7 100. Nb4 Ke7 101. c6 Kd8 102. Kf6 Ke8 103. Kg7 1-0

[Event "Belt and Road Women 2024"]
[Site "Yuecheng Shaoxing"]
[Date "2024.07.27"]
[Round "4.13"]
[White "Wang, Yu A."]
[Black "Gu, Xiaobing"]
[Result "1/2-1/2"]
[ECO "B91"]
[WhiteElo "2234"]
[BlackElo "2135"]
[Annotator "RC"]
[PlyCount "87"]
[EventDate "2024.08.01"]
[EventType "swiss"]
[EventCountry "CHN"]
[SourceTitle "playchess.com"]
[Source "ChessBase"]
[SourceQuality "1"]
[TimeControl "5400+30"]

1. e4 c5 2. Nf3 d6 3. d4 cxd4 4. Nxd4 Nf6 5. Nc3 a6 6. g3 e5 7. Nb3 Be7 8. Bg2 b5 9. O-O Bb7 10. a4 b4 11. Nd5 a5 12. Nxf6+ Bxf6 13. Re1 O-O 14. Nd2 Qc7 15. b3 Rd8 16. Nc4 Na6 17. Bb2 Nc5 18. Qe2 Rac8 19. f3 Ne6 20. Qf2 Nd4 21. Rad1 d5 22. exd5 Bxd5 23. Bxd4 exd4 24. Bf1 Re8 25. Bd3 g6 26. Rxe8+ Rxe8 27. Re1 Rxe1+ 28. Qxe1 Bxf3 29. Qf2 Qc6 30. Nxa5 Qd5 31. Nc4 Bg5 32. Qe1 h5 33. Qe8+ Kh7 34. Qb5 Qd8 35. Qe5 h4 36. Be4 Bxe4 37. Qxe4 f5 38. Qe6 d3 39. cxd3 Qd4+ 40. Kg2 Bf6 41. a5 Qxd3 42. Qxf6 Qe2+ 43. Kg1 Qe1+ 44. Kg2 1/2-1/2

[Event "Belt and Road Women 2024"]
[Site "Yuecheng Shaoxing"]
[Date "2024.07.27"]
[Round "4.14"]
[White "Zhang, Lanlin"]
[Black "Li, Xueyi"]
[Result "1-0"]
[ECO "B12"]
[WhiteElo "2161"]
[BlackElo "2209"]
[Annotator "RC"]
[PlyCount "81"]
[EventDate "2024.08.01"]
[EventType "swiss"]
[EventCountry "CHN"]
[SourceTitle "playchess.com"]
[Source "ChessBase"]
[SourceQuality "1"]
[TimeControl "5400+30"]

1. e4 c6 2. d4 d5 3. e5 Bf5 4. Nf3 e6 5. Be2 Nd7 6. O-O Ne7 7. Nh4 Bg6 8. Nxg6 hxg6 9. Nd2 Nf5 10. Nf3 Be7 11. a4 a5 12. c3 Nf8 13. b4 axb4 14. cxb4 g5 15. b5 Ng6 16. g3 g4 17. Ne1 c5 18. dxc5 Bxc5 19. Bxg4 Nh6 20. Be2 Nxe5 21. Bb2 f6 22. Nd3 Nxd3 23. Bxd3 Nf7 24. Qg4 Kf8 25. Qxe6 Ng5 26. Qf5 Qb6 27. h4 Qd6 28. Kg2 Nf7 29. Rfe1 b6 30. Re6 Rh5 31. Qg4 Nh6 32. Qe2 Re5 33. Rxd6 Rxe2 34. Rxf6+ gxf6 35. Bxe2 Ke7 36. Bf3 Rd8 37. Re1+ Kf7 38. Rc1 Nf5 39. a5 Nd4 40. Bxd4 Bxd4 41. Rd1 1-0

[Event "Belt and Road Women 2024"]
[Site "Yuecheng Shaoxing"]
[Date "2024.07.27"]
[Round "4.15"]
[White "Bai, Xue"]
[Black "Zhang, Xiao"]
[Result "0-1"]
[ECO "C78"]
[WhiteElo "2114"]
[BlackElo "2193"]
[Annotator "RC"]
[PlyCount "54"]
[EventDate "2024.08.01"]
[EventType "swiss"]
[EventCountry "CHN"]
[SourceTitle "playchess.com"]
[Source "ChessBase"]
[SourceQuality "1"]
[TimeControl "5400+30"]

1. e4 e5 2. Nf3 Nc6 3. Bb5 a6 4. Ba4 Nf6 5. d3 Bc5 6. O-O b5 7. Bb3 d6 8. c3 O-O 9. Re1 Ba7 10. Nbd2 Ne7 11. Nf1 Ng6 12. Ng3 Re8 13. a4 c5 14. Bg5 b4 15. Qd2 bxc3 16. bxc3 Rb8 17. Nh5 Bg4 18. Bxf6 gxf6 19. Qa2 Bxh5 20. Bxf7+ Kh8 21. Bxe8 Qxe8 22. Nd2 Nf4 23. Reb1 Ra8 24. Rb7 Qc8 25. Qb3 c4 26. Qb1 Qg4 27. g3 Bxf2+ 0-1